[Event "FIDE Candidates 2026"]
[Site "Pegeia, Cyprus"]
[Date "2026.03.30"]
[Round "2.1"]
[White "Esipenko, Andrey"]
[Black "Nakamura, Hikaru"]
[Result "1/2-1/2"]
[ECO "D02"]
[WhiteElo "2698"]
[BlackElo "2810"]
[Annotator "Rafael Leitao"]
[PlyCount "101"]
[EventDate "2026.??.??"]
[TimeControl "40/7200:1800+30"]

1. c4 {Mark Crowther} e6 2. g3 d5 3. Bg2 {Curiosamente, Esipenko repete a mesma abertura que Caruana utilizou contra Nakamura na primeira rodada. O GM americano decide jogar de forma diferente desta vez.} Nf6 (3... d4 {foi jogada por Nakamura ontem.}) 4. Nf3 c5 (4... Be7 {leva a uma provável transposição para a linha principal da Catalã (quando as Brancas jogam d2-d4) ou para sistemas sólidos quando as Brancas jogam b2-b3 primeiro. A posição está equilibrada, mas as Pretas não têm muitas chances de vitória.}) (4... dxc4 {é uma alternativa confiável.}) 5. cxd5 Nxd5 (5... exd5 6. d4 {Transpõe para uma Defesa Tarrasch, outrora uma favorita de Kasparov. Ele deixou de utilizá-la após enfrentar dificuldades para defender as posições contra Karpov.}) 6. O-O Be7 7. d4 (7. Nc3 {é uma alternativa importante. A partida pode continuar com} O-O 8. d4 ({Or} 8. Nxd5 exd5 9. d4 Nc6 (9... c4 {é duvidoso, já que as Brancas obtêm uma estrutura de peões melhor após} 10. b3 $1) 10. dxc5 Bxc5 {e a teoria continua profundamente no meio-jogo.}) 8... Nc6 9. e4 Ndb4 $1 {novamente com muita teoria de abertura. Em geral, as posições variam de igualdade a uma leve vantagem para as Brancas, em posições sem risco para o primeiro jogador.}) 7... cxd4 (7... O-O {é impreciso, já que as Brancas podem explorar a possibilidade de capturar em c5 e fazer o bispo se mover pela segunda vez.} 8. dxc5 $1 Bxc5 9. Qc2 {com uma posição agradável.}) 8. Nxd4 O-O 9. Qb3 $1 {O computador concorda que esta é a melhor tentativa de obter vantagem. Mark Crowther: 'D02: 1 d4 d5 2 Nf3 sidelines, including 2...Nf6 3 g3 and 2...Nf6 3 Bf4.'} (9. Nc3 {permite que as Pretas igualem.} Nxc3 10. bxc3 e5 $1 11. Nb5 Qa5 (11... Nc6 {também é bom.}) 12. Nd6 $5 $146 {é forçado, mas é um lance natural.} Bxd6 (12... Rd8 $4 {perde após} 13. Nxc8 Rxd1 14. Nxe7+ Kf8 15. Rxd1 Kxe7 16. Bxb7 {ganhando material.}) (12... Nc6 {também é aceitável, embora as Brancas fiquem mais confortáveis após} 13. Nxc8 Raxc8 14. Qb3) 13. Qxd6 Nc6 {com chances iguais. As Pretas têm bom desenvolvimento e uma estrutura de peões melhor em troca do par de bispos.}) (9. e4 {é menos perigoso:} Nb4 10. Nc3 N8c6 {com boas chances de igualar.}) 9... Nc6 $1 {A melhor forma de responder ao último lance das Brancas, embora não seja a mais popular.} ({Mark Crowther: 'RR'} 9... Qb6 10. Qxb6 axb6 (10... Nxb6 11. Nc3 {é melhor para as Brancas. O poderoso bispo em g2 da Catalã incomoda a posição das Pretas.}) 11. Bxd5 exd5 12. Nc3 {As Pretas devem conseguir igualar com lances precisos de computador, mas é claramente melhor jogar de Brancas.} Bf6 {Mark Crowther} 13. Be3 Rd8 14. Rfd1 Bg4 15. f3 Be6 16. Ndb5 Nd7 17. Nc7 Rac8 18. N7xd5 Bxd5 19. Rxd5 Bxc3 20. bxc3 Re8 21. Bd4 Nf6 22. Re5 Rxe5 23. Bxe5 Nd5 24. Rd1 {Wells,P (2318)-Patel,Z (2062) Peterborough ENG 2026 1-0 (62)}) (9... Na6 {Este é o lance mais frequentemente jogado, de acordo com o meu banco de dados. As Brancas obtêm vantagem após} 10. Rd1 Nc5 {e aqui tanto 11.Dc4 quanto 11.Df3 mantêm a pressão.} 11. Qc4 (11. Qf3)) 10. Nxc6 (10. Rd1 {já foi jogado em algumas partidas por correspondência:} Nxd4 11. Rxd4 Qb6 {Um lance novo.} 12. Qxb6 axb6 $1 13. Bxd5 Rd8 14. Nc3 Bf6 {A partida está prestes a ser simplificada, e o empate é o resultado mais provável.}) 10... bxc6 11. e4 {Mark Crowther: 'White is slightly better.'} Nf6 {É difícil dizer se este lance ou 11...Cb6 é melhor. Em ambos os casos, as Brancas mantêm uma pequena vantagem.} (11... Nb6 12. Bf4) ({RR} 11... Nb4 {Mark Crowther} 12. Rd1 Qb6 13. Be3 c5 14. Nc3 Ba6 15. Rd7 Rfe8 16. Rad1 Bf8 17. e5 Rad8 18. Be4 Rxd7 19. Rxd7 Bc8 20. Rd2 Ba6 21. a3 Nd5 22. Qa4 Nc7 23. b4 Rc8 24. bxc5 Bxc5 25. Qd7 Nd5 26. Na4 {Maghsoodloo,P (2701)-Ivanisevic,I (2601) Belgrade 2022 1-0 (35)}) 12. h3 {Um lance novo. Esipenko havia gasto bastante tempo para chegar a esta posição, então não acredito que isso tenha sido preparação. A ideia é bastante razoável: o bispo está pronto para ir a e3 sem ser incomodado por um possível ...Cg4. Mark Crowther: 'N'} ({Mark Crowther: 'Predecessor:'} 12. Nc3 Qc7 {Mark Crowther} 13. h3 Rb8 14. Qc2 Bc5 15. Ne2 Bb6 16. Bf4 e5 17. Bg5 Nd7 18. Be7 {½-½ Javakhishvili,L (2451)-Muzychuk,A (2525) Tbilisi FIDE GP (Women) 2024 (9)}) ({Mark Crowther: 'RR'} 12. Bf4 Qa5 {Mark Crowther} 13. Qc3 Qxc3 14. Nxc3 Rd8 15. Rfd1 Ba6 16. Bf3 Rxd1+ 17. Rxd1 Rd8 18. Rc1 c5 19. Na4 c4 20. Be3 Bb5 21. Nc3 Bc6 22. Bxa7 Rd2 23. Rb1 Bb4 24. Be3 Rd8 25. Rc1 Ba5 26. Ne2 Bxe4 {Biriukov,N (2365)-Zaleski,L (2116) Krakow 2018 1-0 (34)}) ({RR} 12. Qc2 {Mark Crowther} Ba6 13. Rd1 Qa5 14. Nc3 Rfd8 15. Bf4 Nd7 16. h3 Ne5 17. Nd5 cxd5 18. Bxe5 Rac8 19. Bc3 Bb4 20. Bxb4 Qxb4 21. Qb3 Qa5 22. exd5 Bc4 23. Qe3 Bxd5 24. Bxd5 Rxd5 {½-½ (24) Rashkovsky,N (2510)-Krogius,N (2545) Sochi 1977}) 12... Ba6 {As Pretas têm várias alternativas.} (12... Qb6 $5 {Esipenko provavelmente queria responder a esse lance natural com} 13. Be3 {mas é difícil dizer se as Brancas conseguem demonstrar uma vantagem concreta após} c5 {A posição, no entanto, permanece confortável de jogar com as Brancas.}) (12... Qa5 {também é possível, quando as Brancas podem continuar com o típico} 13. Be3) (12... e5 {neste caso, o bispo pode ir para e6 em vez de a6.} 13. Be3) (12... Qc7 {parece um pouco passivo, mas também é razoável.}) 13. Rd1 Qb6 (13... Qa5 {A dama não pode permanecer por muito tempo em a5, já que é imediatamente atacada após} 14. Bd2) 14. Be3 Bc5 (14... c5 {Sem verificar com o engine, achei que isso era muito perigoso para as Pretas por causa de} 15. Nc3 {com a ideia de jogar e4-e5 em seguida. O computador, como de costume, não se impressiona tanto, embora as Brancas estejam pressionando após} Rad8 $1 16. e5 Nd7 17. f4) 15. Bxc5 Qxc5 {A abertura foi um sucesso para Esipenko. Especialmente após perder uma batalha dura ontem, é uma boa estratégia jogar uma posição sólida, com chances de vencer a partida sem nenhum risco, exatamente o que ele conseguiu aqui. Mas Nakamura é um dos melhores defensores da elite e certamente não gostaria de começar o torneio com duas derrotas.} 16. Qc3 (16. Nc3 $1 {é mais enérgico, mantendo as damas no tabuleiro. A ideia principal é mostrada após} Rab8 $6 17. Na4 $1 Qa5 18. Qc2 {quando o cavalo chega a c5 e as Brancas têm uma vantagem clara.}) 16... Qb6 $1 (16... Qxc3 $2 {A troca de damas leva a um final desagradável para as Pretas, com uma estrutura de peões ruim.} 17. Nxc3) 17. Nd2 c5 18. b3 Rad8 19. Nc4 Bxc4 20. Qxc4 {As Brancas têm a vantagem de bispo contra cavalo em uma posição aberta. A estrutura de peões também parece ser um fator positivo, mas o próximo lance de Nakamura torna essa avaliação menos clara.} e5 $1 {Ajustando a casa d4 para a torre.} 21. Rac1 Rxd1+ $6 {As Pretas agora terão que sofrer mais do que o necessário.} (21... Rd4 $1 {é a continuação natural do lance anterior.} 22. Rxd4 cxd4 23. Qc7 {Suspeito que Nakamura não tenha gostado desse tipo de posição, com a coluna c sob controle das Brancas. Com a engine ligada, posso dizer com segurança que, após} Re8 {o peão passado em d4 é forte o suficiente para garantir chances iguais para as Pretas.}) 22. Rxd1 a5 {Com fraquezas em a5, c5 e e5, as Pretas estão à beira da catástrofe. Um jogador menos experiente provavelmente sucumbiria rapidamente, mas Nakamura mantém tudo sob controle apesar da aparência desagradável de sua posição.} 23. Rc1 (23. Qc3 $5 {era possível imediatamente:} Qc7 24. Qe3 {com a ideia de Bf1-c4, com uma vantagem agradável.}) 23... Rc8 24. Qc3 {Mark Crowther: 'The plan is to put the bishop on c4 and claim something.'} Qc7 25. h4 h6 (25... g6 {também é possível, com a ideia de jogar h7-h5 em seguida.}) 26. Rc2 g6 27. Qe3 Qd8 $5 (27... Kg7 {também era possível, já que 28.Bh3 não é tão forte quanto parece:} 28. Bh3 Rd8 {Or} 29. Qxc5 Rd1+ 30. Kg2 Qxc5 31. Rxc5 Rd2 32. Rxe5 Rxa2 {com contrajogo suficiente para segurar o empate.}) 28. Rd2 Qb6 29. Bf1 (29. Qxh6 {permite que as Pretas ativem após} c4 $1 30. bxc4 Rxc4 {com igualdade.}) 29... Kg7 30. a4 (30. Bc4 {As Pretas conseguem jogar} a4 $1 {eliminando uma das fraquezas.}) 30... Rc6 $1 {Um excelente plano. As Pretas pretendem jogar ...Td6 em seguida.} 31. Rc2 (31. Bc4 Rd6 {com a ideia de Td4, quando as Pretas já não estão mais pior.}) 31... c4 {Talvez esta seja uma boa decisão prática, sacrificando um peão para alcançar um final empatado. É difícil para mim avaliar, já que durante a partida eu nunca teria certeza se o final de torres é realmente empate, então eu procuraria maneiras de manter o equilíbrio material. Ainda assim, é importante ter em mente que sacrificar material para defender um final teoricamente empatado é uma estratégia importante para desenvolver a sua tenacidade.} (31... Rd6 $1 {é bom para as Pretas:} 32. Qxc5 (32. Rxc5 $4 {até perde:} Ng4 33. Qc3 Rc6 $1 34. Rxc6 Qxf2+ 35. Kh1 Qh2#) 32... Qxb3 33. Rc3 (33. Qxd6 Qxc2 34. Qxe5 Qxa4) 33... Qb2 {com igualdade.}) 32. Qxb6 Rxb6 33. Bxc4 (33. bxc4 {não é suficiente para uma vantagem:} Nxe4 34. c5 Rc6 35. Bg2 f5 {com um final empatado.}) 33... Nxe4 {Mark Crowther: '='} 34. Re2 f5 35. f3 Nd6 (35... Nc5 {é uma boa alternativa:} 36. Rxe5 Nxb3 {Isso provavelmente levará a um final de torres semelhante ao da partida.}) 36. Rxe5 Nxc4 37. bxc4 {Mark Crowther: 'KR-KR. White is a pawn up.'} Rb4 38. Rxa5 Rxc4 {Finais de torres com um peão passado a mais na ala podem ser muito difíceis de defender, mas neste caso a estrutura de peões das Brancas facilita a defesa, já que os peões podem ser rapidamente atacados.} 39. Ra7+ Kf6 40. a5 Rc3 {As Pretas precisam ser rápidas.} (40... Rc2 $4 {Parece bastante natural cortar o rei das Brancas, mas este é um lance perdedor, já que as Brancas podem melhorar a posição da torre.} 41. Ra6+ Kg7 42. Rb6 $1 {seguido de a5-a6 e da marcha do rei para a ala da dama.}) 41. Kf2 {Mark Crowther: 'This is a technical draw.'} Rc2+ 42. Ke3 Rc3+ 43. Ke2 Rc2+ {Mark Crowther: '!'} 44. Kd3 Rg2 $1 {O contrajogo das Pretas chega bem a tempo.} 45. Ra6+ Kf7 46. Kd4 (46. Rb6 Rxg3 47. Ke3 Rg2 {A torre retorna para defender contra o peão passado.}) 46... Rxg3 47. Ke5 Rxf3 48. Ra7+ {Mark Crowther: 'The position is equal.'} Ke8 49. a6 Ra3 50. Ke6 Kd8 51. Kf6 (51. Kf6 {Muitos lances levam ao empate, por exemplo:} g5 52. hxg5 hxg5 53. Kxf5 Ra5+) 1/2-1/2

[Event "FIDE Candidates 2026"]
[Site "Pegeia, Cyprus"]
[Date "2026.03.30"]
[Round "2.2"]
[White "Giri, Anish"]
[Black "Caruana, Fabiano"]
[Result "1/2-1/2"]
[ECO "D30"]
[WhiteElo "2753"]
[BlackElo "2795"]
[Annotator "Mark Crowther"]
[PlyCount "59"]
[EventDate "2026.??.??"]
[TimeControl "40/7200:1800+30"]

1. d4 d5 2. c4 e6 3. Nf3 Nd7 4. g3 (4. Bg5 {was another, relatively recent, encounter where Caruana had already tired this opening.} Be7 5. Bxe7 Nxe7 6. e3 O-O 7. Nc3 dxc4 8. Bxc4 c5 {½-½ Dubov,D (2795)-Caruana,F (2751) Wch Blitz op Doha 2025 (17)}) 4... dxc4 5. Bg2 Rb8 6. a4 b6 ({RR} 6... a6 7. a5 Bd6 8. Nfd2 b5 9. axb6 Nxb6 10. O-O Ne7 11. Nxc4 Nxc4 12. Qa4+ Qd7 13. Qxc4 Qb5 14. Na3 Qxc4 15. Nxc4 Rb4 16. Nxd6+ cxd6 17. e3 d5 18. Ra2 Kd7 19. Bd2 Rb3 20. Bf3 Rb8 21. Be2 {Schoppen,C (2588)-Balacek,T (2396) Katowice POL 2026 1-0 (45)}) 7. Nfd2 a5 $146 {The top engine move.} ({Predecessor: RR} 7... Qf6 $2 8. Nxc4 Bb4+ 9. Nc3 Ba6 10. Na3 $16 {½-½ Matlakov,M (2602)-Aronian,L (2756) Wch Rapid op Doha 2025 (12)} Ne7 11. Nc2 Bxc3+ 12. bxc3 O-O 13. O-O e5 {½-½ Matlakov,M (2602)-Aronian,L (2756) Wch Rapid op Doha 2025 (12)} 14. a5 Bb7 15. e4 Qg6 16. Re1 Rfe8 17. axb6 axb6 18. h4 Nf6 19. d5 Nc8 20. Ba3 h6 21. Qe2 Nd6 22. Bxd6 {Matlakov,M (2606)-Aronian,L (2729) Doha QAT 2025 ½-½ (34)}) ({RR} 7... Ba6 8. O-O Ngf6 9. Nc3 c5 10. Nb5 cxd4 11. Nxc4 Bc5 12. Bf4 O-O 13. Bc7 Qe7 14. Bxb8 Nxb8 15. b4 Bxb4 16. Qxd4 Bc5 17. Qb2 Bb7 18. Bxb7 Qxb7 19. Ne5 a6 20. Nd4 Ne4 21. Rad1 a5 22. Nd3 {Gelfand,B (2684)-Deac,B (2618) Bucharest 2019 ½-½}) 8. Nxc4 Ba6 9. Nba3 Bb4+ {An interesting inclusion. Black argues the bishop is worse on d2 than on c1, which is a theme in the Catalan, but not exactly in this position.} 10. Bd2 Bxa3 11. Nxa3 Ne7 12. O-O O-O 13. b4 {Provoking the bishop to d2 allowed White to support this push in one move. On the other hand, the computer confirms equality anyway.} axb4 14. Bxb4 c5 15. Bc3 Nf5 $6 (15... cxd4 16. Bxd4 Nf5 17. Bb2 Nc5 {is the most accurate path to equality, the computer shows.}) 16. Nb5 $6 {The game fizzles out quickly after this.} (16. d5 $1 {could have given White a slight advantage.}) (16. Nc2 {was another consideration, which could have given an edge.}) 16... Bxb5 17. axb5 cxd4 18. Bxd4 Nxd4 19. Qxd4 Nc5 20. Rad1 Qxd4 21. Rxd4 Rfd8 22. Rfd1 Rxd4 23. Rxd4 Kf8 24. Rd6 Ke7 25. Rc6 Rd8 26. f4 (26. Rxb6 Rd1+ 27. Bf1 Rb1 28. e3 {This is just one possible line.} Ne4 29. Rb7+ Kf6 {White has an extra pawn, but it's under control. Black has enough counterplay, for example against f2, and it's difficult to effectively push the b-pawn without losing it.}) 26... Rd6 27. Rc7+ {The players find a repetition.} Rd7 28. Rc6 Rd6 29. Rc7+ Rd7 30. Rc6 1/2-1/2

[Event "FIDE Candidates 2026"]
[Site "Pegeia, Cyprus"]
[Date "2026.03.30"]
[Round "2.3"]
[White "Wei, Yi"]
[Black "Praggnanandhaa R"]
[Result "1/2-1/2"]
[ECO "C11"]
[WhiteElo "2754"]
[BlackElo "2741"]
[Annotator "Mark Crowther"]
[PlyCount "91"]
[EventDate "2026.??.??"]
[TimeControl "40/7200:1800+30"]

1. e4 e6 2. d4 d5 3. Nc3 Nf6 4. e5 Nfd7 5. f4 c5 6. Nf3 Nc6 7. Be3 Be7 8. Qd2 a6 9. Bd3 {C11: French: Classical System: 4 e5 and 4 Bg5 dxe4.} O-O 10. O-O {[%eval 2,19] [%wdl 23,958,19] White is more active.} (10. dxc5 $16 {[%eval 79,20] [%wdl 307,692,1] Threatens to win with Na4.} Nxc5 11. Bxc5 (11. O-O-O) 11... Bxc5 12. Bxh7+ {is a scarey looking line that black would have to have prepared.}) 10... f6 $11 11. exf6 Nxf6 12. Kh1 (12. dxc5 d4 13. Nxd4 Nxd4 $17) 12... b6 $146 ({RR} 12... c4 $5 13. Be2 $8 Bb4 $11 14. Qe1 Ne4 {1-0 Wegener,O (2406)-Martinovic,S (2556) BL2-Ost 2324 Germany 2023 (1.4)} 15. Ng5 Nxg5 16. fxg5 Rxf1+ 17. Qxf1 Bd7 18. Nd1 Qe7 19. Bf3 Be8 20. c3 Bd6 21. Nf2 Bg6 22. Qe2 b5 23. Re1 Re8 24. Qd2 Rf8 25. Ng4 Qf7 26. Qe2 Bd3 27. Qd1 {Wegener,O (2406)-Martinovic,S (2556) Germany GER 2023 1-0 (73)}) ({RR} 12... Ng4 13. Bg1 Qc7 14. h3 Nf6 15. dxc5 Nd7 16. Rae1 Nxc5 17. Bxc5 Bxc5 18. Ng5 h6 19. Nxe6 Bxe6 20. Rxe6 Rad8 21. f5 Be7 22. Be2 Bg5 23. Nxd5 Qc8 24. Qd1 Rxf5 25. Bg4 Rdxd5 26. Bxf5 Rxf5 27. Rxf5 {Schlegel,I (2238)-Wichmann,C (2269) Germany GER 2026 1-0 (86)}) 13. Ne5 (13. a3 Qc7 14. Rae1 Rb8 15. Ne5 {This looks very similar to the text game.} Bd6 16. Nxc6 Qxc6 17. Be2 Qc7 18. g3 Bb7 19. Bf3 Rbd8 20. Qg2 Kh8 {½-½ Ralison,M (2046)-Sharma,D (2356) Reunion op 17th St Denis 2015 (8)}) (13. b3 {is about equal.}) 13... Qc7 14. Rae1 $146 ({Predecessor:} 14. Nxc6 Qxc6 15. Rae1 c4 16. Be2 b5 17. Bf3 b4 18. Ne2 {0-1 Heyn,W (1972)-Ress,J (2156) SA-2013-0-00348 LSS email}) 14... Bd6 (14... Bb7) 15. Nxc6 $2 {Of course White doesn't want to trade away the powerful knight on e5, but it seems Wei didn't find a good way to deal with the pressure on d4.} (15. dxc5 bxc5 16. Na4 $1 {is the concrete solution the computer finds, countering the pressure on e5 with White's own pressure on c5.} Ne7 17. c3) 15... Qxc6 16. Be2 Ra7 $6 {The wrong plan, made more apparent with the aid of the computer, of course.} (16... c4 17. Bf3 b5 18. a3 a5 {with an advantage and, perhaps more importantly, a clear plan for Black: push ...b4 and play on the queenside.}) 17. Bf3 Raf7 $11 (17... c4) 18. f5 $1 {Wei finds the reason Black's move was inaccurate. The second player's center isn't stable, and there are now tactics on the a2-g8 diagonal.} c4 (18... exf5 19. dxc5 bxc5 20. Nxd5 {is the point.}) 19. Bg5 Bb4 $1 20. Qe2 Bxc3 21. fxe6 Re7 22. bxc3 Rxe6 23. Qd2 Ne4 {We see more liquidation.} 24. Bxe4 Rxf1+ 25. Rxf1 Rxe4 26. Bf4 {And now an opposite-color bishop endgame with heavy pieces still on the board. But the game is still balanced.} Re7 27. Be5 {Opposite bishops and equal position} Qg6 28. Qf4 Rf7 29. Qxf7+ Qxf7 30. Rxf7 Kxf7 {And now it's a dead draw. The game is going to be drawn.} 31. Kg1 Bf5 32. Kf2 Bxc2 33. Bc7 b5 34. a3 Ke6 35. Ke3 Kf5 36. h3 h5 37. g3 g5 38. Bd8 Bd3 39. h4 Kg4 40. Bxg5 Kxg3 41. Bd8 Be4 42. Be7 Kg2 43. Bd8 Kf1 44. Kd2 Kf2 45. Be7 Kf3 46. Bd8 1/2-1/2

[Event "FIDE Candidates 2026"]
[Site "Pegeia, Cyprus"]
[Date "2026.03.30"]
[Round "2.4"]
[White "Sindarov, Javokhir"]
[Black "Bluebaum, Matthias"]
[Result "1/2-1/2"]
[ECO "C42"]
[WhiteElo "2745"]
[BlackElo "2698"]
[Annotator "Mark Crowther"]
[PlyCount "84"]
[EventDate "2026.??.??"]
[TimeControl "40/7200:1800+30"]

1. e4 e5 2. Nf3 Nf6 3. Nxe5 d6 4. Nd3 Nxe4 5. Qe2 Qe7 $1 6. Nf4 {C42: Petroff Defence: 3 Nxe5 and unusual White 3rd moves.} c6 {Repels Nd5} 7. f3 Nf6 8. d4 Bf5 ({RR} 8... Nbd7 9. Qxe7+ Bxe7 10. Bd3 O-O 11. Kf2 Re8 12. g4 Nb6 13. c3 Nfd5 14. h4 Nxf4 15. Bxf4 Nd5 16. Bd2 b5 17. a4 Bd7 18. axb5 cxb5 19. Na3 a6 20. Nc2 Bc6 21. b3 Nb6 22. c4 bxc4 23. bxc4 {Kabylbek,Y (2193)-Atwell,R (2337) chess.com INT 2026 0-1 (70)}) 9. c3 ({RR} 9. c4 h5 10. Nc3 Na6 11. Kf2 Nb4 12. Qd1 O-O-O 13. Nd3 d5 14. c5 Nxd3+ 15. Bxd3 Ne4+ 16. fxe4 dxe4 17. Be2 Qf6 18. Be3 Bxc5 19. Rf1 Qh4+ 20. Kg1 Bd6 21. Rxf5 Qxh2+ 22. Kf1 Qh1+ 23. Bg1 g6 {Carlsen,M (2859)-Rapport,R (2740) Wijk aan Zee NED 2023 1-0 (36)}) 9... Qxe2+ 10. Bxe2 h5 11. Na3 $146 {This seems a little bit odd but it is at least new.} ({Predecessor: RR} 11. Kf2 Nbd7 12. h4 O-O-O 13. Nd2 {1-0 Sivuk,V (2514)-Kacharava $146 (2424) EU-ch 20th Skopje 2019 (8)} d5 14. Nf1 Bd6 15. Ng3 Bc2 16. Bd2 Nf8 17. Rac1 Bxf4 18. Bxf4 {1-0 Sivuk,V (2514)-Kacharava,N (2424) EU-ch 20th Skopje 2019 (8)} Bg6 19. Bg5 Rd6 20. Rhe1 Re6 21. Bf1 Ne8 22. Ne2 Bf5 23. Red1 Nd6 24. b3 b5 25. Ng3 Bg6 {Sivuk,V (2514)-Kacharava,N (2424) Skopje 2019 1-0 (42)}) 11... Na6 12. Nc4 Nc7 13. Ne3 Bh7 14. h4 Kd7 {Black has a slightly passive position, but White's advantage is small and not so easy to convert to something concrete.} (14... Ne6 {is indicated by the computer as the most accurate way to equalize.}) 15. Kf2 Re8 $6 (15... d5 {would have prevented the pawn sacrifice that's indicated on the next move.}) 16. g3 (16. d5 $1 {was a fascinating pawn sacrifice that could have given White a significant advantage. The point is that this move disrupts Black's coordination. Seems like the right idea.} cxd5 17. g3 {For example, Black would have wanted to play ...d5 and ...Bd6. Now that's not possible, so if he develops with} Be7 18. Rd1 {White threatens to regain the pawn and then to pressure the remaining isolani on d6.}) 16... Ne6 17. Nh3 d5 18. Ng5 Bg6 19. Bf1 Nh7 20. Bh3 Nhxg5 21. hxg5 Kc7 22. Nf5 {Black equalizes directly after this move.} (22. Ng2 Bd6 23. Re1 Bc2 24. Bxe6 Rxe6 25. Bf4 {And White steers toward a better knight vs. bishop endgame, though the advantage is still minimal.}) 22... Bxf5 23. Bxf5 g6 24. Bc2 {White has the two bishops, but there's no advantage.} Bd6 25. Be3 (25. f4 {is met with the undermining} h4) 25... Re7 26. Rae1 Rhe8 27. f4 Ng7 28. Kf3 Kd7 29. Bf2 Rxe1 30. Bxe1 {Keeping rooks on, at least.} Rf8 31. g4 f5 32. gxh5 Nxh5 33. Bd2 Rh8 34. Bd3 Rh7 35. Bxf5+ {This forces further liquidation. White had no advantage anyway.} gxf5 36. g6 Rg7 37. Rxh5 $11 Ke6 $1 38. Rh6 Kf6 39. Be1 Rxg6 40. Rh7 Rg7 41. Rh6+ Rg6 42. Rh7 Rg7 1/2-1/2